 Dungeon Crawl Stone Soup version 0.22-a0-460-g49b1da7 (webtiles) character file.

5849 4thArraOfDagon the Carver (level 10, -23/91 HPs)
             Began as a Minotaur Monk on June 9, 2018.
             Was a Priest of Cheibriados.
             Killed from afar by Fannar (26 damage)
             ... with a bolt of cold
             ... on level 11 of the Dungeon.
             The game lasted 00:16:39 (2887 turns).

4thArraOfDagon the Carver (Minotaur Monk)           Turns: 2887, Time: 00:16:39

Health: -23/91     AC:  6    Str: 28    XL:     10   Next: 51%
Magic:  12/14      EV: 19    Int: 18    God:    Cheibriados [***...]
Gold:   288        SH:  0    Dex: 22    Spells: 6/9 levels left

rFire    . . .     SeeInvis .   w - +0 great sword
rCold    . . .     Gourm    .   (shield currently unavailable)
rNeg     . . .     Faith    .   u - +0 troll leather armour
rPois    .         Spirit   .   (helmet restricted)
rElec    .         Reflect  .   r - +1 cloak
rCorr    .         Harm     .   (no gloves)
MR       +....                  (no boots)
Stlth    ++........             (no amulet)
HPRegen  0.65/turn              i - -2 ring of slaying (curse)
MPRegen  0.14/turn              t - ring of protection from magic

@: mighty, flying, very slow
A: retaliatory headbutt, horns 2
a: Bend Time, Temporal Distortion, Renounce Religion


You were on level 11 of the Dungeon.
You worshipped Cheibriados.
Cheibriados was most pleased with you.
You were not hungry.

You visited 3 branches of the dungeon, and saw 14 of its levels.

You collected 288 gold pieces.

Inventory:

Hand Weapons
 a - a +0 falchion
 w - a +0 great sword (weapon)
Armour
 b - a +0 robe
 e - a +0 ring mail
 r - a +1 cloak (worn)
 u - a +0 troll leather armour (worn)
Jewellery
 g - an uncursed ring of fire
 i - a cursed -2 ring of slaying (left hand)
 j - an uncursed ring of flight
 t - a ring of protection from magic (right hand)
Wands
 d - a wand of enslavement (10)
 h - a wand of paralysis (1)
 l - a wand of digging (2)
 n - a wand of acid (6)
Potions
 o - a potion of agility
 p - a potion of brilliance
 s - a potion of haste
 x - a potion of flight
Comestibles
 c - 9 rations
 f - 4 chunks of flesh


   Skills:
 + Level 9.4 Fighting
 * Level 12.5 Long Blades
 + Level 8.2 Dodging
 - Level 1.5 Stealth
 + Level 6.7 Invocations


You had 6 spell levels left.
You knew the following spells:

 Your Spells              Type           Power        Failure   Level  Hunger
a - Mephitic Cloud        Conj/Pois/Air  #.......     58%         3    ####...

Your spell library contained the following spells:

 Spells                   Type           Power        Failure   Level  Hunger
 Venom Bolt               Conj/Pois      #.........   100%        5    ######.
 Olgreb's Toxic Radiance  Pois           #.......     94%         4    #####..
 Sting                    Conj/Pois      #...         24%         1    ##.....
 Poisonous Vapours        Pois/Air       #.....       36%         2    ###....


Dungeon Overview and Level Annotations

Branches:
Dungeon (12/15)            Temple (1/1) D:4            Lair (1/6) D:10
    Orc: D:9-12

Altars:
Ashenzari
Cheibriados
Dithmenos
Elyvilon
Fedhas
Gozag
Hepliaklqana
Kikubaaqudgha
Makhleb
Nemelex Xobeh
Okawaru
Qazlal
Ru
Sif Muna
Trog
Uskayaw
Vehumet
Wu Jian
Xom
Yredelemnul
Zin
The Shining One

Annotations:
D:9 Tallim's ghost, novice MiBe
D:11 Fannar


Innate Abilities, Weirdness & Mutations

You reflexively headbutt those who attack you in melee.
You have a pair of horns on your head.


Message History

Fannar is moderately wounded.
Fannar closely misses you.
You riposte.
You slice Fannar!! Your headbutt misses Fannar.
Fannar is severely wounded.
Unknown command.
You hit Fannar.
Fannar is severely wounded.
Fannar gestures wildly while chanting.
Fannar drains the heat from the surrounding environment!
You feel very cold.
* * * LOW HITPOINT WARNING * * *
Fannar is frozen.
Fannar resists.
Fannar is severely wounded.
You barely miss Fannar. You headbutt Fannar, but do no damage.
Fannar is severely wounded.
The ice beast closely misses you. You furiously retaliate!
You headbutt the ice beast!
Fannar points at you and mumbles some strange words.
The bolt of cold hits you!
You die...

###... #.#<.#....#
.# #.....
#.#..#....# ####
#.... #.#..# ...#
#...#####.#..# ##.#
#.........#..#
#.........#..# #
##+........#### ...
#..........####....#
#.).........@.......
#...####+#..Ye....##
#...# #.#........#
#.<.# #D######...#
##'## #.. ...# ###
... #.# .... ...
.... ## ......


You could see Fannar and an ice beast.

Vanquished Creatures
  A centaur warrior (D:11)
  A two-headed ogre (D:10)
  Pikel (D:6)
  A troll (D:10)
  Sigmund (D:4)
  A shadow (D:11)
  5 yaks
  A steam dragon (D:8)
  2 orc warriors (D:11)
  A black bear (D:6)
  The ghost of Muffinman the Skirmisher, an amateur MiFi (D:3)
  2 ogres
  2 phantoms
  6 centaurs
  A crocodile (D:8)
  A big kobold (D:10)
  A bullfrog (D:11)
  4 scorpions
  6 killer bees
  3 wights (D:9)
  2 howler monkeys (D:7)
  2 crimson imps
  A centaur zombie (D:8)
  A quasit (D:7)
  A centaur skeleton (D:5)
  2 hounds
  3 orc wizards (D:8)
  4 orc priests
  A bullfrog skeleton (D:10)
  3 iguanas
  5 worker ants
  A hound skeleton (D:5)
  7 gnolls
  A worker ant zombie (D:5)
  7 adders
  2 shadow imps
  2 dart slugs (D:2)
  2 leopard geckos
  12 orcs
  A ball python (D:2)
  2 giant cockroaches
  4 goblins
  4 hobgoblins
  19 jackals
  3 quokkas
  2 bats
  2 jackal skeletons
  5 kobolds
  A leopard gecko zombie (D:5)
  A quokka skeleton (D:7)
  5 rats
150 creatures vanquished.

Vanquished Creatures (collateral kills)
  3 killer bees (D:8)
  A centaur skeleton (D:8)
4 creatures vanquished.

Vanquished Creatures (others)
  A killer bee (D:8)
1 creature vanquished.

Grand Total: 155 creatures vanquished

Notes
Turn   | Place    | Note
-------+----------+-------------------------------------------
     0 | D:1      | 4thArraOfDagon the Minotaur Monk began the quest for the Orb.
     0 | D:1      | Reached XP level 1. HP: 19/19 MP: 0/0
    39 | D:1      | You fall through a shaft!
    46 | D:2      | Reached skill level 4 in Long Blades
    60 | D:2      | Reached XP level 2. HP: 25/27 MP: 1/1
   135 | D:2      | Reached XP level 3. HP: 33/33 MP: 2/2
   143 | D:2      | Reached skill level 5 in Long Blades
   229 | D:2      | Reached XP level 4. HP: 18/41 MP: 3/3
   329 | D:4      | Found a staircase to the Ecumenical Temple.
   341 | Temple   | Entered the Ecumenical Temple
   380 | Temple   | Became a worshipper of Cheibriados the Contemplative
   380 | Temple   | Reached * piety under Cheibriados
   380 | Temple   | Reached ** piety under Cheibriados
   381 | Temple   | first temple in ages!
   583 | D:4      | Reached XP level 5. HP: 22/47 MP: 4/4
   585 | D:4      | Reached skill level 1 in Invocations
   621 | D:4      | Reached skill level 6 in Long Blades
   654 | D:3      | Noticed Muffinman's ghost (amateur MiFi)
   682 | D:4      | Noticed Sigmund
   689 | D:4      | Killed Sigmund
   689 | D:4      | Reached skill level 5 in Fighting
   689 | D:4      | Reached XP level 6. HP: 32/56 MP: 4/6
   775 | D:3      | Reached skill level 7 in Long Blades
   850 | D:3      | Killed Muffinman's ghost
   850 | D:3      | Reached XP level 7. HP: 56/62 MP: 7/7
   879 | D:5      | Entered Level 5 of the Dungeon
   918 | D:5      | Found an ornate altar of the Wu Jian Council.
   927 | D:5      | Reached *** piety under Cheibriados
  1120 | D:6      | Reached skill level 8 in Long Blades
  1120 | D:6      | Reached skill level 5 in Dodging
  1138 | D:6      | Learned a level 3 spell: Mephitic Cloud
  1464 | D:7      | Reached XP level 8. HP: 71/71 MP: 9/9
  1620 | D:6      | Noticed Pikel
  1631 | D:6      | Killed Pikel
  1631 | D:6      | Reached skill level 9 in Long Blades
  1910 | D:8      | Reached **** piety under Cheibriados
  1916 | D:8      | Reached XP level 9. HP: 73/79 MP: 11/11
  1920 | D:8      | Reached skill level 10 in Long Blades
  2096 | D:8      | Reached skill level 5 in Invocations
  2353 | D:9      | Noticed Tallim's ghost (novice MiBe)
  2367 | D:10     | Entered Level 10 of the Dungeon
  2394 | D:10     | Reached skill level 11 in Long Blades
  2411 | D:10     | Noticed a troll
  2424 | D:10     | Killed a troll
  2519 | D:10     | Found a staircase to the Lair.
  2551 | Lair:1   | Entered Level 1 of the Lair of Beasts
  2551 | Lair:1   | Noticed a spiny frog
  2626 | D:11     | Noticed a seven-headed hydra
  2668 | D:11     | Reached XP level 10. HP: 68/90 MP: 13/13
  2691 | D:10     | Noticed a two-headed ogre
  2694 | D:10     | Killed a two-headed ogre
  2694 | D:10     | Reached skill level 12 in Long Blades
  2726 | D:12     | Noticed a two-headed ogre
  2726 | D:12     | Noticed a white ugly thing
  2756 | D:11     | Noticed a centaur warrior
  2773 | D:11     | Killed a centaur warrior
  2866 | D:11     | Noticed a five-headed hydra
  2876 | D:11     | Noticed Fannar
  2886 | D:11     | HP: 2/91 [Fannar/Ozocubu's Refrigeration (19)]
  2887 | D:11     | Killed from afar by Fannar

Vault maps used:
D:1:      minmay_arrival_diagonal_passages, minmay_cut_off
D:2:      serial_bayou, serial_bayou_ford_a, serial_bayou_shore_b,
          serial_bayou_pond_a, serial_bayou_pond_d, minmay_misc_feat_rows,
          bh_chokoban, minivault_14, grunt_ministairs_9,
          minmay_shallow_snake_nest, uniq_jessica
D:3:      first_ration, uniq_grinder
D:4:      minmay_temple_entry_statues_fountains, kennysheep_generic_room_9,
          uniq_sigmund
D:5:      kennysheep_little_box, serial_shops, nicolae_shop_trees
D:6:      roderic_lattice_a, serial_bayou_lake_a, uniq_pikel
D:8:      hangedman_pestilent_swarm, eino_tiny_chamber
D:9:      evilmike_minifort
D:10:     lair_entry_dummy, wad_rectangle_vault, uniq_josephine
D:11:     david_orc_5, uniq_grum, uniq_fannar
D:12:     enter_bailey_3, nicolae_trove_entry_crossroad
Temple:   kilobyte_greek_temple
Lair:1:   grunt_megastairs_5

Skill      XL: |  1  2  3  4  5  6  7  8  9 10 |
---------------+-------------------------------+-----
Long Blades    | 4 5 6 7 8 9 11 12 | 12.5
Fighting       | 4 5 6 7 8 9 |  9.4
Invocations    | 1 2 3 4 6 |  6.7
Dodging        | 4 5 6 7 8 |  8.2
Stealth        | |  1.5

Action                   |  1- 3 |  4- 6 |  7- 9 | 10-12 || total
-------------------------+-------+-------+-------+-------++-------
Melee: Falchion          |    38 |    80 |   183 |       ||   301
       Headbutt          |     9 |    24 |    89 |    14 ||   136
       Great sword       |       |       |    44 |    54 ||    98
Invok: Temporal Distorti |       |       |     2 |     5 ||     7
       Slouch            |       |       |     1 |       ||     1
       Bend Time         |       |       |       |     1 ||     1
Evoke: Wand              |       |     3 |    14 |     6 ||    23
  Use: Potion            |     1 |     1 |       |     3 ||     5
       Scroll            |       |     2 |     8 |     2 ||    12
 Stab: Sleeping          |     2 |     1 |     3 |     1 ||     7
       Paralysed         |       |    13 |    23 |     4 ||    40
       Betrayed ally     |       |       |     1 |       ||     1
  Eat: Chunk             |       |       |     3 |     3 ||     6
Armor: Robe              |     7 |       |       |       ||     7
       Ring mail         |     9 |    12 |    51 |       ||    72
       Skin              |       |     5 |       |    54 ||    59
       Troll leather arm |       |       |     3 |       ||     3
Dodge: Dodged            |    26 |    64 |   181 |    27 ||   298
       Rpst.: Falchion   |     5 |    18 |    42 |       ||    65
       Great sword       |       |       |    10 |     7 ||    17

Table legend:
 A = Spawn XP
 B = Non-spawn XP
 C = Spawn XP percentage of total XP
 D = Spawn monster count
 E = Non-spawn monster count
 F = Spawn count percentage of total count
 G = Total turns spent on level
                    A         B        C        D         E        F      G
               +---------+---------+-------+---------+---------+-------+---------
         Total |       0 |    8357 |   0.0 |       0 |     154 |   0.0 |  2887
               +---------+---------+-------+---------+---------+-------+---------
           D:1 |       0 |       6 |   0.0 |       0 |       4 |   0.0 |    41
           D:2 |       0 |     101 |   0.0 |       0 |      25 |   0.0 |   267
           D:3 |       0 |     272 |   0.0 |       0 |       8 |   0.0 |   177
           D:4 |       0 |     428 |   0.0 |       0 |      18 |   0.0 |   316
           D:5 |       0 |     262 |   0.0 |       0 |       8 |   0.0 |   171
           D:6 |       0 |    1169 |   0.0 |       0 |      12 |   0.0 |   362
           D:7 |       0 |     441 |   0.0 |       0 |       8 |   0.0 |   480
           D:8 |       0 |    1099 |   0.0 |       0 |      30 |   0.0 |   311
           D:9 |       0 |     517 |   0.0 |       0 |      13 |   0.0 |   164
          D:10 |       0 |    1484 |   0.0 |       0 |      11 |   0.0 |   256
          D:11 |       0 |    2578 |   0.0 |       0 |      17 |   0.0 |   259
               +---------+---------+-------+---------+---------+-------+---------
